 Dungeon Crawl Stone Soup version 0.30-a0-121-gb27577e5d9 (webtiles) character file.

Game seed: 10750713088658927821

126 ytrimaz the Stinger (level 5, -2/33 HPs)
             Began as an Octopode Transmuter on Sept 14, 2022.
             Slain by a gnoll
             ... wielding a +0 flail
              (9 damage)
             ... on level 4 of the Dungeon.
             The game lasted 00:04:08 (3309 turns).

ytrimaz the Stinger (Octopode Transmuter)           Turns: 3309, Time: 00:04:08

Health: -2/33      AC:  2    Str:  9    XL:     5   Next: 10%
Magic:  7/8        EV: 19    Int: 17    God:
Gold:   110        SH:  0    Dex: 18    Spells: 2/8 levels left

rFire   . . .      SeeInvis .      - Unarmed
rCold   . . .      Faith    .    (shield currently unavailable)
rNeg    . . .      Spirit   .    (helmet currently unavailable)
rPois   x          Reflect  .    b - amulet of magic regeneration
rElec   .          Harm     .    (no ring)
rCorr   .          Rampage  .    (no ring)
Will    .....                    (no ring)
Stlth   ++........               (no ring)
HPRegen 0.11/turn                (no ring)
MPRegen 0.51/turn                (no ring)
                                 (no ring)
                                 (no ring)

@: spider-form, wereblooded
A: venomous fangs, almost no armour, (amphibious), 8 rings, tiny, (camouflage
1), (gelatinous body 1), (nimble swimmer 1), (tentacles)
a: End Transformation


You were on level 4 of the Dungeon.
You were a venomous arachnid creature.
You visited 1 branch of the dungeon, and saw 4 of its levels.

You collected 230 gold pieces.
You spent 120 gold pieces at shops.


Innate Abilities, Weirdness & Mutations

You are a venomous arachnid creature.
You have poisonous fangs.
You are tiny and dextrous.
Your spellcasting is less reliable in this form.
Your armour is entirely melded.
You are incapable of wielding weapons or throwing items.
You cannot wear most types of armour.
((You are amphibious.))
You can wear up to eight rings at the same time.
((Your skin changes colour to match your surroundings (Stealth+).))
((Your rubbery body absorbs attacks. (AC +1, EV +1)))
((You are camouflaged when in or above water. (Stealth+)))
((You have tentacles for arms and can constrict up to eight enemies at once.))


   Skills:
 - Level 1.0 Fighting
 - Level 2.0 Dodging
 - Level 2.5 Stealth
 - Level 3.0 Unarmed Combat
 - Level 2.3 Spellcasting
 + Level 3.1 Transmutations
 * Level 3.4 Poison Magic


You had 2 spell levels left.
You knew the following spells:

 Your Spells              Type           Power      Damage    Failure   Level
a - Beastly Appendage     Tmut           24%        N/A       14%         1
b - Wereblood             Tmut           12%        N/A       21%         2
c - Spider Form           Tmut/Pois      13%        N/A       32%         3

Your spell library contained the following spells:

 Spells                   Type           Power      Damage    Failure   Level
 Ice Form                 Ice/Tmut       7%         N/A       85%         4
 Petrify                  Tmut/Erth      7%         N/A       85%         4
 Yara's Violent Unravell  Hex/Tmut       3%         3d4       99%         5
 Animate Armour           Summ/Erth      Unusable   N/A       N/A         4

Inventory:

Jewellery
 b - an amulet of magic regeneration (around neck)
   (You found it on level 2 of the Dungeon)
Wands
 d - a wand of light (5)
   (You found it on level 3 of the Dungeon)
 h - a wand of flame (11)
   (You found it on level 3 of the Dungeon)
Scrolls
 e - 3 scrolls of teleportation
 i - a scroll of enchant weapon
Potions
 a - a potion of haste
 c - a potion of cancellation
 f - a potion of heal wounds {unknown}
 g - a potion of flight {unknown}

Dungeon Overview and Level Annotations

Branches:
Dungeon (4/15) Zot: 20700
 Temple: D:4-7

Altars:

Shops:
D:2

? ≈≈≈≈≈~≈~♣~###.###.###
≈≈≈≈≈~~~~♣##....#.#####
≈≈≈≈≈~P~♣~##.#..>.....#
PP~≈~~~~♣#...##.#####.#
~~~~♣P~~~#.####.# #.#
~♣~~~♣~~♣#.#.##.# #.#
P~~P~~♣♣#.#....# #.#
~~~♣~~♣♣##.#.########.#
P~~~~~~♣.......gs.....#
~~~~~~♣..##############
~~~g♣##.## ♣~..g.#
.....#### #####


You could see a gnoll (very poisoned).


Message History

Confirm with . or Enter, or press ? or * to list all spells.
Your blood is infused with primal strength.
The gnoll closely misses you. 😎 MP[-2]
You lost 2 mp, and now have 5/7 mp.
There are monsters nearby!
Unknown command.
Unknown command.
Casting: Wereblood (safe; 9% risk of failure)
Confirm with . or Enter, or press ? or * to list all spells.
The spell is quite dangerous to miscast (17% risk of failure)!
Continue anyway?
You turn into a venomous arachnid creature.
The gnoll closely misses you. 😎 MP[-2]
You lost 2 mp, and now have 3/7 mp.
Unknown command.
Unknown command.
Your transformation is almost over.
The gnoll hits you with a +0 halberd. 😕 HP[-4]
You take 4 damage, and now have 24/28 hp.
You hit the gnoll but do no damage.
The gnoll is poisoned.
The gnoll closely misses you. 😕 MP[+1]
You hit the gnoll.
The gnoll looks as sick as possible!
The gnoll misses you.
Unknown command.
You hit the gnoll.
The gnoll hits you with a +0 halberd! 😮 HP[-9] MP[+1]
You take 9 damage, and now have 15/28 hp.
MASSIVE DAMAGE!! (PAUSE)
You hit the gnoll.
You feel a bit better.
You kill the gnoll!
Your Transmutations skill increases to level 3!
Your Poison Magic skill increases to level 3! 😮 HP[+3]
You regained 3 hp, and now have 18/28 hp.
You hit the gnoll.
The gnoll is poisoned.
The gnoll hits you with a +0 club. 😮 HP[-2] MP[+1]
You take 2 damage, and now have 16/28 hp.
Unknown command.
You hit the gnoll but do no damage. The gnoll misses you.
Unknown command.
You hit the gnoll.
You hiss as the wereblood boils in your veins!
The gnoll closely misses you. 😮 MP[+1]
Your mp is fully restored (7).
Unknown command.
You barely miss the gnoll. The gnoll misses you. 😮 HP[+1]
You hit the gnoll.
You feel a bit better.
You kill the gnoll!
You have reached level 5!
You feel agile. 😮 HP[+4] MP[+1]
You now have 33 max hp (+5).
You regained 4 hp, and now have 21/33 hp.
Your mp is fully restored (8).
You bite the gnoll!
Your transformation has ended.
The gnoll hits you with a +0 club. 😮 HP[-3]
You take 3 damage, and now have 18/33 hp.
Unknown command.
You tentacle-slap the gnoll. Your grab misses the gnoll.
Your squeeze misses the gnoll.
You howl as the wereblood boils in your veins!
The gnoll hits you with a +0 club!
* * * LOW HITPOINT WARNING * * *
😨 HP[-8]
You take 8 damage, and now have 10/33 hp.
MASSIVE DAMAGE!! (PAUSE)
You closely miss the gnoll. You grab the gnoll.
You howl as the wereblood boils in your veins!
You constrict the gnoll. The gnoll hits you with a +0 club!
* * * LOW HITPOINT WARNING * * *
😱 HP[-7]
You take 7 damage, and now have 3/33 hp.
MASSIVE DAMAGE!! (PAUSE) Unknown command.
Casting: Spider Form (quite dangerous; 16% risk of failure)
Confirm with . or Enter, or press ? or * to list all spells.
The spell is quite dangerous to miscast (16% risk of failure)!
Continue anyway?
You turn into a venomous arachnid creature.
You lose your grip on the gnoll.
You hiss as the wereblood boils in your veins!
The gnoll misses you. 😱 MP[-3]
You lost 3 mp, and now have 5/8 mp.
Unknown command.
Unknown command.
You hit the gnoll.
The gnoll is poisoned.
You feel a bit better.
You kill the gnoll! 😱 HP[+3] MP[+1]
You regained 3 hp, and now have 6/33 hp.
Unknown command.
You barely miss the gnoll.
Unknown command.
You hit the gnoll.
The gnoll is poisoned.
The gnoll hits you with a +0 flail!
You die...

Skill      XL: |  1  2  3  4 |
---------------+-------------+-----
Stealth        | 1 2 |  2.5
Poison Magic   | 2 3 |  3.4
Transmutations | 3 |  3.1
Fighting       | |  1.0
Dodging        | |  2.0
Unarmed Combat | |  3.0
Spellcasting   | |  2.3

Action                   |  1- 3 |  4- 6 || total
-------------------------+-------+-------++-------
Melee: Unarmed           |   109 |    69 ||   178
       Constrict         |    25 |    11 ||    36
       Tentacles         |    14 |     7 ||    21
       Kick              |    13 |     4 ||    17
 Cast: Beastly Appendage |    13 |     5 ||    18
       Spider Form       |     3 |     4 ||     7
       Wereblood         |       |     1 ||     1
  Use: Potion            |     2 |       ||     2
       Scroll            |     6 |     3 ||     9
 Stab: Sleeping          |     8 |     6 ||    14
       Invisible         |     1 |       ||     1
Armor: Skin              |    18 |     6 ||    24
Dodge: Dodged            |    75 |    40 ||   115

Levels and vault maps discovered:
D:1:      nicolae_arrival_washed_ashore, layout_basic,
          hellmonk_ecumenical_altar_inner_sanctum
D:2:      layout_basic, serial_shops, shop
D:3:      layout_rooms
D:4:      layout_basic, serial_bayou_lake_a

Notes
Turn   | Place    | Note
-------+----------+-------------------------------------------
     0 | D:1      | ytrimaz the Octopode Transmuter began the quest for the
                  | Orb.
     0 | D:1      | Reached XP level 1. HP: 13/13 MP: 3/3
     0 | D:1      | magus.rc [v1.9.6]
    38 | D:1      | Reached skill level 1 in Stealth
   197 | D:1      | HP: 1/13 [quokka (5)]
   200 | D:1      | Reached XP level 2. HP: 4/18 MP: 5/5
   202 | D:1      | HP: 3/27 [ball python (1)]
   211 | D:1      | HP: 1/27 [kobold/+0 short sword (3)]
   539 | D:1      | Reached skill level 2 in Stealth
   573 | D:1      | Learned a level 2 spell: Wereblood
   776 | D:1      | You add the spells Petrify and Yara's Violent Unravelling
                  | to your library.
   776 | D:1      | Got Xicviaf's Parchment of Transformed Geology
   843 | D:1      | Found a faded altar of an unknown god.
   884 | D:1      | Reached XP level 3. HP: 23/23 MP: 4/6
   888 | D:1      | Learned a level 3 spell: Spider Form
  1506 | D:2      | Reached skill level 1 in Poison Magic
  1889 | D:2      | Reached skill level 2 in Poison Magic
  1889 | D:2      | Reached XP level 4. HP: 23/28 MP: 7/7
  2220 | D:2      | Found Qaiff's Magic Scroll Shoppe.
  2228 | D:2      | Bought a scroll of identify for 24 gold pieces
  2228 | D:2      | Bought a scroll of teleportation for 36 gold pieces
  2228 | D:2      | Bought a scroll of identify for 24 gold pieces
  2228 | D:2      | Bought a scroll of teleportation for 36 gold pieces
  3195 | D:4      | Noticed a phantom
  3298 | D:4      | Reached skill level 3 in Transmutations
  3298 | D:4      | Reached skill level 3 in Poison Magic
  3303 | D:4      | Reached XP level 5. HP: 21/33 MP: 8/8
  3305 | D:4      | HP: 3/33 [gnoll/+0 club (7)]
  3309 | D:4      | Slain by a gnoll

Vanquished Creatures
  3 gnolls (D:4)
  An adder (D:2)
  3 worms
  2 dart slugs (D:2)
  An orc (D:3)
  8 ball pythons
  4 endoplasms
  5 giant cockroaches
  6 goblins
  6 hobgoblins
  8 jackals
  4 quokkas
  2 bats
  2 frilled lizards
  7 kobolds
  8 rats
70 creatures vanquished.

Vanquished Creatures (others)
  3 plants (D:4)
3 creatures vanquished.

Grand Total: 73 creatures vanquished

Table legend:
 A = Non-vault XP
 B = Vault XP
 C = Vault XP percentage of total XP
 D = Non-vault monster count
 E = Vault monster count
 F = Vault count percentage of total count
                 A         B        C        D         E       F
            +---------+---------+-------+---------+---------+-------
      Total |     181 |       0 |   0.0 |      70 |       0 |   0.0
            +---------+---------+-------+---------+---------+-------
        D:1 |      44 |       0 |   0.0 |      27 |       0 |   0.0
        D:2 |      60 |       0 |   0.0 |      22 |       0 |   0.0
        D:3 |      30 |       0 |   0.0 |      15 |       0 |   0.0
        D:4 |      47 |       0 |   0.0 |       6 |       0 |   0.0
            +---------+---------+-------+---------+---------+-------

Illustrated notes

Table legend:
 A = Kills in this place as a percentage of kills in entire the game.
 B = Kills by you in this place as a percentage of kills by you in the entire game.
 C = Kills by friends in this place as a percentage of kills by friends in the entire game.
 D = Other kills in this place as a percentage of other kills in the entire game.
 E = Experience gained in this place as a percentage of experience gained in the entire game.
 F = Experience gained in this place divided by the number of levels of this place that you have seen.
                   A       B       C       D       E      F
               +-------+-------+-------+-------+-------+----------------------
         Total | 100.0 | 100.0 |   N/A |   N/A | 100.0 |  45.2
       Dungeon | 100.0 | 100.0 |   N/A |   N/A | 100.0 |  45.2
               +-------+-------+-------+-------+-------+----------------------

Table legend: (Time is in decaauts)
 A = Elapsed time spent in this place.
 B = Non-inter-level travel time spent in this place.
 C = Inter-level travel time spent in this place.
 D = Time resting spent in this place.
 E = Time spent auto-exploring this place.
 F = Levels seen in this place.
 G = Mean time per level.
                   A        B        C        D        E       F      G
               +--------+--------+--------+--------+--------+-----+--------+
         Total |   3298 |   3272 |     26 |    380 |   2298 |   4 |  824.5 |
       Dungeon |   3298 |   3272 |     26 |    380 |   2298 |   4 |  824.5 |
               +--------+--------+--------+--------+--------+-----+--------+

Top non-repeatable levels by time:
     D:1: 1319 daAuts
     D:2: 975 daAuts
     D:3: 729 daAuts
     D:4: 274 daAuts
